 Dungeon Crawl Stone Soup version 0.21.1-1-g345015fe64 (webtiles) character file.

12577 Ivernyr the Thrower (level 12, -1/84 HPs)
             Began as a Human Skald on June 7, 2018.
             Was a Priest of Ru.
             Slain by a komodo dragon (13 damage)
             ... on level 1 of the Lair of Beasts.
             The game lasted 01:27:49 (13763 turns).

Ivernyr the Thrower (Human Skald)                  Turns: 13763, Time: 01:27:49

Health: -1/84      AC: 12    Str: 19    XL:     12   Next: 22%
Magic:  12/13      EV: 12    Int: 16    God:    Ru [***...]
Gold:   579        SH:  0    Dex: 21    Spells: 10/15 levels left

rFire    + . .     SeeInvis .   a - +13 scythe of Curses {drain, *Curse} (curse)
rCold    . . .     Gourm    .   (shield currently unavailable)
rNeg     . . .     Faith    .   b - +1 ring mail "Polaov" {rElec Dex+3} (curse)
rPois    .         Spirit   .   O - +2 helmet (curse)
rElec    +         Reflect  .   (no cloak)
rCorr    .         Harm     .   (no gloves)
MR       .....                  x - +0 pair of boots (curse)
Stlth    ..........             T - amulet of Giwir {Regen+ Dex+2} (curse)
HPRegen  0.64/turn              j - ring of protection from fire (curse)
MPRegen  0.13/turn              M - ring "Fuahif" {+Fly Str+8} (curse)

@: no potions
A: low mp 1, screaming 1, inability to drink while threatened, no stealth
a: Draw Out Power, Renounce Religion, Evoke Flight


You were on level 1 of the Lair of Beasts.
You worshipped Ru.
Ru was most pleased with you.
You were very hungry.

You visited 3 branches of the dungeon, and saw 13 of its levels.

You collected 579 gold pieces.

Inventory:

Hand Weapons
 a - the cursed +13 scythe of Curses (weapon) {drain, *Curse}
   (You found it on level 9 of the Dungeon)

   A truly terrible weapon, it drains the life of those it strikes.
   It curses itself when equipped.
   It has a curse placed upon it.
 w - a cursed +0 blowgun
 V - a cursed +0 long sword
 X - a cursed +0 long sword of protection
Missiles
 y - 16 tomahawks (quivered)
 H - 7 javelins
 J - 6 curare-tipped needles
 S - 18 poisoned needles
Armour
 b - the cursed +1 ring mail "Polaov" (worn) {rElec Dex+3}
   (You found it on level 9 of the Dungeon)

   It affects your dexterity (+3).
   It insulates you from electricity.
   It has a curse placed upon it.
 m - the cursed +0 helmet of Xoma {rElec}
   (You took it off Robin on level 2 of the Dungeon)

   It insulates you from electricity.
   It has a curse placed upon it.
 x - a cursed +0 pair of boots (worn)
 O - a cursed +2 helmet (worn)
Jewellery
 f - a cursed amulet of regeneration
 j - a cursed ring of protection from fire (left hand)
 t - a cursed ring of protection from cold
 A - a cursed ring of poison resistance {unknown}
 B - a cursed ring of resist corrosion
 L - a cursed +3 amulet of reflection
 M - the cursed ring "Fuahif" (right hand) {+Fly Str+8}
   (You found it on level 8 of the Dungeon)

   [ring of flight]

   It affects your strength (+8).
   It lets you fly.
   It has a curse placed upon it.
 T - the cursed amulet of Giwir (around neck) {Regen+ Dex+2}
   (You found it on level 9 of the Dungeon)

   [amulet of regeneration]

   It affects your dexterity (+2).
   It increases your rate of regeneration.
   It has a curse placed upon it.
 Y - a cursed ring of stealth {unknown}
Wands
 q - a wand of scattershot (5)
 r - a wand of digging (54)
 z - a wand of paralysis (20)
 G - a wand of acid (5)
 P - a wand of enslavement (8)
Scrolls
 e - 2 scrolls of blinking
 g - a scroll of fear {unknown}
 k - 7 scrolls of teleportation
 l - 4 scrolls of enchant weapon
 o - 2 scrolls of amnesia
 p - 2 scrolls of noise
 v - a scroll of acquirement {unknown}
 C - a scroll of magic mapping {unknown}
 F - 2 scrolls of remove curse
 W - a scroll of immolation {unknown}
Potions
 h - a potion of might {unknown}
 i - 2 potions of haste
 n - 4 potions of brilliance
 s - a potion of berserk rage {unknown}
 u - 3 potions of agility
 D - a potion of invisibility {unknown}
 E - 2 potions of curing {unknown}
 I - 4 potions of flight {unknown}
 N - a potion of ambrosia {unknown}
 Q - 2 potions of mutation {unknown}
 R - 2 potions of lignification {unknown}
Books
 c - a book of Battle

   Spells                             Type                      Level
   a - Infusion                       Charms                       1
   b - Shroud of Golubria             Charms/Translocation         2
   c - Song of Slaying                Charms                       2
   d - Spectral Weapon                Hexes/Charms                 3
   e - Regeneration                   Charms/Necromancy            3
 K - a book of Changes

   Spells                             Type                      Level
   a - Beastly Appendage              Transmutation                1
   b - Sticks to Snakes               Transmutation                2
   c - Spider Form                    Transmutation/Poison         3
   d - Ice Form                       Ice/Transmutation            4
   e - Blade Hands                    Transmutation                5
 U - a book of Maledictions

   Spells                             Type                      Level
   a - Corona                         Hexes                        1
   b - Ensorcelled Hibernation        Hexes/Ice                    2
   c - Confuse                        Hexes                        3
   d - Tukima's Dance                 Hexes                        3
   e - Dazzling Spray                 Conjuration/Hexes            3
Comestibles
 d - 28 rations


   Skills:
 + Level 4.5 Fighting
 - Level 2.0 Long Blades
 * Level 12.0 Throwing
 + Level 8.7 Armour
 - Level 2.0 Dodging
 - Level 2.0 Spellcasting
 - Level 11.0 Charms


You had 10 spell levels left.
You knew the following spells:

 Your Spells              Type           Power        Failure   Level  Hunger
a - Shroud of Golubria    Chrm/Tloc      ###.......   4%          2    ###....
b - Song of Slaying       Chrm           #####...     1%          2    ###....
c - Infusion              Chrm           ####         1%          1    #......


Dungeon Overview and Level Annotations

Branches:
Dungeon (11/15)            Temple (1/1) D:5            Lair (1/6) D:11
    Orc: D:9-12

Altars:
Ashenzari
Cheibriados
Dithmenos
Gozag
Hepliaklqana
Kikubaaqudgha
Nemelex Xobeh
Okawaru
Ru
Trog
Uskayaw
Xom
Yredelemnul

Shops:
D:7 *


Innate Abilities, Weirdness & Mutations

Your magical capacity is low. (-10% MP)
You occasionally shout uncontrollably at your foes.
You cannot drink potions while threatened.
You cannot be stealthy.


Message History

The komodo dragon bites you!!
Your shroud falls apart!
You redirect the komodo dragon's attack!
The komodo dragon bites itself but does no damage.
You catch the helpless komodo dragon completely off-guard!
You slash the komodo dragon!
The komodo dragon shivers with cold.
The komodo dragon is heavily wounded.
The komodo dragon bites you!!
You feel threatened and lose the ability to drink potions!
The komodo dragon bites you but does no damage.
You slash the komodo dragon!
The komodo dragon looks less resilient!
The komodo dragon is severely wounded.
The komodo dragon bites you!
The komodo dragon is stunned by your will and fails to attack.
You barely miss the komodo dragon.
The komodo dragon is severely wounded.
The komodo dragon bites you!!
* * * LOW HITPOINT WARNING * * *
The komodo dragon bites you!
You die...

### ### ### ##.####
#######.####P# #######.....#
#............##### #..........###
#....<........##..
...##.P......###...........#>.#..
#######.......##............#.#..
#....#...............##.#..
#....###..............#....
#....# ###@..........####..
#....# #l.....)....# #.. ###.##
#..########## #.. .. ##.# ### #.#
###### .. #.#P## .# ##.... .P
#.... #.# #....


You could see a komodo dragon.

Vanquished Creatures
  A two-headed ogre (D:9)
  2 unseen horrors
  2 ugly things (D:11)
  Psyche (D:9)
  A spiny frog (Lair:1)
  A troll (D:8)
  A hippogriff (D:7)
  A meliai zombie (D:10)
  Sigmund (D:5)
  A wraith (D:11)
  A wyvern (D:8)
  A human (D:7)
  A yak (D:9)
  4 hogs (D:7)
  A basilisk (Lair:1)
  Grum (D:8)
  2 hungry ghosts
  A water moccasin (Lair:1)
  8 porcupines
  2 orc warriors
  A hornet zombie (D:9)
  4 phantoms
  A sky beast (D:9)
  3 black bears (D:11)
  5 ice beasts
  4 ogres
  5 centaurs
  5 wolves
  3 crocodiles (D:11)
  A big kobold (D:8)
  A gnoll sergeant (D:11)
  9 bullfrogs
  4 scorpions
  4 howler monkeys
  8 crimson imps
  A bullfrog zombie (D:6)
  A quasit (D:6)
  3 hounds
  2 jellies
  A centaur skeleton (D:10)
  5 orc priests
  3 bullfrog skeletons
  9 orc wizards
  5 iguanas
  10 worker ants
  2 hound skeletons (D:4)
  A howler monkey zombie (D:9)
  A killer bee simulacrum (D:9)
  Robin (D:2)
  3 worker ant zombies
  7 gnolls
  9 adders
  2 shadow imps
  An ooze (D:3)
  2 adder zombies
  3 adder skeletons
  3 worms (D:2)
  4 dart slugs
  8 leopard geckos
  49 orcs
  9 bats
  9 giant cockroaches
  21 goblins
  11 hobgoblins
  9 jackals
  6 quokkas
  2 frilled lizards (D:1)
  A jackal zombie (D:8)
  12 kobolds
  12 rats
320 creatures vanquished.

Vanquished Creatures (collateral kills)
  A spiny frog (Lair:1)
1 creature vanquished.

Vanquished Creatures (others)
  A two-headed ogre (D:8)
  An ice beast (D:8)
  A crocodile (D:11)
  An adder skeleton (D:5)
  3 kobolds (D:9)
  A fungus (D:11)
8 creatures vanquished.

Grand Total: 329 creatures vanquished

Notes
Turn   | Place    | Note
-------+----------+-------------------------------------------
     0 | D:1      | Ivernyr the Human Skald began the quest for the Orb.
     0 | D:1      | Reached XP level 1. HP: 16/16 MP: 3/3
    83 | D:1      | Reached XP level 2. HP: 22/22 MP: 5/5
   167 | D:1      | Reached skill level 1 in Throwing
   198 | D:1      | Learned a level 2 spell: Song of Slaying
   201 | D:1      | Learned a level 2 spell: Shroud of Golubria
   425 | D:1      | Reached XP level 3. HP: 26/27 MP: 6/6
   753 | D:2      | Noticed Robin
   797 | D:2      | Killed Robin
   797 | D:2      | Reached skill level 2 in Throwing
   797 | D:2      | Reached XP level 4. HP: 23/33 MP: 2/7
   867 | D:2      | Got an ichor-stained helmet
   873 | D:2      | Identified the cursed +0 helmet of Xoma {rElec} (You took it off Robin on level 2 of the Dungeon)
  1178 | D:2      | Reached XP level 5. HP: 37/38 MP: 5/8
  2058 | D:3      | Reached skill level 3 in Throwing
  2129 | D:3      | Found a faded altar of an unknown god.
  2168 | D:3      | Reached XP level 6. HP: 39/44 MP: 5/9
  2246 | D:3      | Found an opulent altar of Gozag.
  2420 | D:3      | Found a hazy altar of Hepliaklqana.
  2832 | D:4      | Reached skill level 5 in Charms
  3025 | D:3      | Reached skill level 4 in Throwing
  3025 | D:3      | Reached XP level 7. HP: 44/50 MP: 7/10
  3205 | D:4      | Found a basalt altar of Yredelemnul.
  3205 | D:4      | Found a bloodstained altar of Trog.
  3205 | D:4      | Found a sparkling altar of Nemelex Xobeh.
  3229 | D:4      | Found a sacrificial altar of Ru.
  3243 | D:4      | Became a worshipper of Ru the Awakened
  3316 | D:4      | Got a shimmering helmet
  3876 | D:5      | Entered Level 5 of the Dungeon
  3964 | D:5      | Noticed Sigmund
  4003 | D:5      | Killed Sigmund
  4003 | D:5      | Reached skill level 5 in Throwing
  4003 | D:5      | Reached XP level 8. HP: 30/56 MP: 4/11
  4101 | D:5      | Found a hide-covered altar of Uskayaw.
  4124 | D:5      | Found a staircase to the Ecumenical Temple.
  4230 | Temple   | Entered the Ecumenical Temple
  4411 | D:5      | Got an ivory whip
  4412 | D:5      | Identified the cursed +0 whip "Cunefan" {freeze, MR+ MP+9 Int-4 SInv} (You found it on level 5 of the Dungeon)
  4531 | D:5      | Identified the +1 helmet "Muipoq" {Str-3 Int+5 Stlth+} (You found it on level 4 of the Dungeon)
  5228 | D:6      | Gained mutation: You cannot drink potions while threatened. [Ru sacrifice]
  5228 | D:6      | Reached * piety under Ru
  5322 | D:6      | Reached skill level 6 in Throwing
  5617 | D:6      | Found a shimmering altar of Xom.
  5617 | D:6      | Found a shimmering altar of Xom.
  5758 | D:6      | Reached XP level 9. HP: 61/61 MP: 9/12
  6959 | D:7      | Found Faixuosu's Elemental Accessories.
  7073 | D:7      | Found a sparkling altar of Nemelex Xobeh.
  7238 | D:7      | Noticed a hippogriff
  7253 | D:7      | Killed a hippogriff
  7253 | D:7      | Reached skill level 7 in Throwing
  7253 | D:7      | Reached skill level 5 in Armour
  7794 | D:7      | Reached skill level 8 in Throwing
  7969 | D:8      | Reached XP level 10. HP: 67/67 MP: 11/13
  8065 | D:8      | Found a shadowy altar of Dithmenos.
  8107 | D:8      | Gained mutation: Your magical capacity is low. (-10% MP) [Ru sacrifice]
  8107 | D:8      | Reached ** piety under Ru
  8297 | D:8      | Noticed Grum
  8325 | D:8      | Killed Grum
  8476 | D:8      | Reached skill level 9 in Throwing
  8818 | D:8      | Got a brightly glowing bone ring
  8820 | D:8      | Identified the ring "Fuahif" {+Fly Str+8} (You found it on level 8 of the Dungeon)
  8944 | D:9      | Noticed a two-headed ogre
  9289 | D:9      | Noticed Psyche
  9587 | D:9      | Noticed a two-headed ogre
  9966 | D:8      | Killed a two-headed ogre
  9966 | D:8      | Reached skill level 10 in Charms
 10129 | D:9      | Killed a two-headed ogre
 10129 | D:9      | Reached skill level 10 in Throwing
 10129 | D:9      | Reached XP level 11. HP: 59/72 MP: 9/12
 10452 | D:9      | Killed Psyche
 10833 | D:9      | Found the cursed +13 scythe of Curses {drain, *Curse}
 10849 | D:9      | Killed an unseen horror
 10931 | D:9      | Got a transparent jade amulet
 10947 | D:9      | Got a brightly glowing ring mail
 10953 | D:9      | Identified the cursed +1 ring mail "Polaov" {rElec Dex+3} (You found it on level 9 of the Dungeon)
 10953 | D:9      | Identified the Incunabulum of Lightness and Evil
 11182 | D:10     | Entered Level 10 of the Dungeon
 11395 | D:10     | Gained mutation: You cannot be stealthy. [Ru sacrifice]
 11427 | D:10     | Noticed a six-headed hydra
 11749 | D:10     | Identified the cursed amulet of Giwir {Regen+ Dex+2} (You found it on level 9 of the Dungeon)
 11906 | D:10     | Killed an unseen horror
 12069 | D:10     | Reached skill level 11 in Throwing
 12299 | D:11     | Found a staircase to the Lair.
 12674 | D:11     | Noticed a red ugly thing
 12686 | D:11     | Killed a red ugly thing
 12934 | D:11     | Noticed a cyan ugly thing
 12944 | D:11     | Killed a cyan ugly thing
 12944 | D:11     | Reached XP level 12. HP: 58/83 MP: 11/13
 13301 | Lair:1   | Entered Level 1 of the Lair of Beasts
 13394 | Lair:1   | Gained mutation: You occasionally shout uncontrollably at your foes. [Ru sacrifice]
 13394 | Lair:1   | Reached *** piety under Ru
 13737 | Lair:1   | Reached skill level 12 in Throwing
 13763 | Lair:1   | Slain by a komodo dragon

Skill      XL: |  1  2  3  4  5  6  7  8  9 10 11 12 |
---------------+-------------------------------------+-----
Throwing       | 1 2 3 4 5 6 8 10 11 12 | 12.0
Armour         | 2 3 4 5 7 8 |  8.7
Charms         | 4 5 6 7 8 10 11 | 11.0
Fighting       | 3 4 |  4.5
Long Blades    | |  2.0
Dodging        | |  2.0
Spellcasting   | |  2.0

Action                   |  1- 3 |  4- 6 |  7- 9 | 10-12 || total
-------------------------+-------+-------+-------+-------++-------
Melee: Falchion          |   120 |   304 |   767 |    30 ||  1221
       Whip              |       |       |    57 |       ||    57
       Long sword        |       |       |       |   374 ||   374
       Scythe            |       |       |       |   163 ||   163
Throw: Tomahawk          |       |     4 |    54 |   153 ||   211
 Cast: Shroud of Golubri |     5 |    23 |    69 |    73 ||   170
       Song of Slaying   |     1 |     3 |     1 |     4 ||     9
       Infusion          |       |       |     1 |       ||     1
Invok: Sacrifice Drink   |       |       |     1 |       ||     1
       Sacrifice Essence |       |       |       |     1 ||     1
       Sacrifice Stealth |       |       |       |     1 ||     1
       Sacrifice Purity  |       |       |       |     1 ||     1
  Use: Scroll            |       |       |    10 |     9 ||    19
       Potion            |       |       |       |     2 ||     2
 Stab: Distracted        |       |       |       |     4 ||     4
  Eat: Chunk             |       |    11 |    17 |    21 ||    49
       Ration            |       |       |     2 |     2 ||     4
Armor: Leather armour    |    44 |    30 |       |       ||    74
       Ring mail         |       |    89 |   395 |   363 ||   847
Dodge: Dodged            |    93 |   226 |   534 |   514 ||  1367
       Rpst.: Falchion   |    33 |    77 |   126 |     8 ||   244
       Long sword        |       |       |       |    89 ||    89
